 Dungeon Crawl Stone Soup version 0.32-a0-473-gd044c6f0f0 (webtiles) character file.

Game seed: 8287437631002788081

310 Asceticacid the Ruffian (level 6, 2/38 HPs)
             Began as an Octopode Shapeshifter on Feb 26, 2024.
             Quit the game on level 4 of the Dungeon.
             The game lasted 00:03:08 (2972 turns).

Asceticacid the Ruffian (Octopode Shapeshifter)     Turns: 2972, Time: 00:03:09

Health: 2/38       AC:  1    Str: 14    XL:     6   Next: 41%
Magic:  5/6        EV: 13    Int: 12    God:
Gold:   74         SH:  0    Dex: 13    Spells: 5/5 levels left

rFire   . .          .
                       - Unarmed
rCold   . . .        (no shield)
rNeg    . . .        (helmet currently unavailable)
rPois   .            f - amulet of guardian spirit
rElec   .            (no ring)
rCorr   .            (no ring)
SInv    .            (no ring)
Will    .....        (no ring)
Stlth   ++           (no ring)
HPRegen 0.26/turn    (no ring)
MPRegen 0.10/turn    (no ring)
                     (no ring)

%: guardian spirit
@: beast-form
A: beast (slay +1), almost no armour, amphibious, 8 rings, camouflage 1,
gelatinous body 1, (nimble swimmer 1), tentacles
a: Begin Untransformation


You were on level 4 of the Dungeon.
You were a hulking beast.
You visited 1 branch of the dungeon, and saw 4 of its levels.

You collected 74 gold pieces.

Inventory:

Jewellery
 e - an amulet of reflection
 f - an amulet of guardian spirit (around mantle)
 i - an amulet of the acrobat
Talismans
 b - a beast talisman (active)
 c - a flux talisman
Scrolls
 d - 3 scrolls of identify
 l - a scroll of revelation {unknown}
 o - a scroll of amnesia {unknown}
Potions
 a - 4 potions of lignification
 g - 2 potions of heal wounds
 h - a potion of resistance
 j - a potion of berserk rage {unknown}
 k - a potion of degeneration {unknown}
 m - a potion of curing {unknown}
 n - a potion of mutation {unknown}


   Skills:
 - Level 1.0 Fighting
 - Level 2.0 Dodging
 + Level 7.0 Unarmed Combat
 - Level 3.0 Shapeshifting


You had 5 spell levels left.
You didn't know any spells.
Your spell library contained the following spells:

 Spells                   Type           Power      Damage    Failure   Level
 Jinxbite                 Hex            0%         N/A       45%         2
 Yara's Violent Unravell  Hex/Alch       0%         3d3       100%        5
 Enfeeble                 Hex            0%         N/A       100%        7


Dungeon Overview and Level Annotations

Branches:
Dungeon (4/15)
 Temple: D:4-7

Altars:
The Shining One

Shops:
D:3 [(!:


Innate Abilities, Weirdness & Mutations

You are a hulking beast.
Your limbs bulge with bestial killing power. (Slay +1)
You cannot wear most types of armour.
You are amphibious.
You can wear up to eight rings at the same time.
Your skin changes colour to match your surroundings (Stealth+).
Your rubbery body absorbs attacks. (AC +1, EV +1)
((You are camouflaged when in or above water. (Stealth+)))
You have tentacles for arms and can constrict up to eight enemies at once.


Message History

You are poisoned.
You are too injured to fight recklessly!
You bludgeon the orc!
You kill the orc!
You feel very sick. The orc wizard misses you.
You are too injured to fight recklessly!
You are too injured to fight recklessly!
You tentacle-slap the orc wizard but do no damage.
You grab the orc wizard. You squeeze the orc wizard.
The orc wizard is lightly wounded.
You constrict the orc wizard.
You feel very sick. The orc wizard barely misses you.
You are too injured to fight recklessly!
You bludgeon the orc wizard!
The orc wizard is heavily wounded.
You constrict the orc wizard.
* * * LOW HITPOINT WARNING * * *
You feel sick.
The orc wizard gestures at you while chanting.
You are confused.
You bump into the rock wall.
You constrict the orc wizard.
* * * LOW HITPOINT WARNING * * *
You feel very sick. The orc wizard barely misses you.
You barely miss the orc wizard. You squeeze the orc wizard.
You kill the orc wizard!
You feel sick.
Your Unarmed Combat skill increases to level 7!
* * * LOW HITPOINT WARNING * * *
You feel sick.
Things that are here:
a +0 dagger; a +0 robe; an orc corpse You start resting.
You feel sick. x2
You feel less confused.
You feel sick.
You start resting.
You feel sick. x2
You are no longer poisoned.
Are you sure you want to abandon this character and quit the game? (Confirm with "yes".)

#.#.#.# ##.....#
##......## #
###......>.# #.
#......<###.##.#
~.##....## #...
#....# #..#
##...# #..#
#...## #.h###
##...####..).#
#......).#.....#
#.[.....###....#
#.....#.## #...#
#.....##..#
#.^.#
......####.#
.... #.....## .#
##. #..... ..


There were no monsters in sight!

Vanquished Creatures
  Pargi (D:3)
  Terence (D:3)
  2 orc wizards (D:4)
  Robin (D:3)
  5 adders
  A dart slug (D:2)
  2 ribbon worms (D:3)
  2 orcs (D:4)
  3 ball pythons
  4 bats
  4 endoplasms
  11 giant cockroaches
  12 goblins
  10 hobgoblins
  5 kobolds
  2 quokkas
  4 rats
70 creatures vanquished.

Notes
Turn   | Place    | Note
-------+----------+-------------------------------------------
     0 | D:1      | Asceticacid the Octopode Shapeshifter began the quest for
                  | the Orb.
     0 | D:1      | Reached XP level 1. HP: 13/13 MP: 1/1
   116 | D:1      | Reached XP level 2. HP: 17/18 MP: 2/2
   502 | D:1      | Reached skill level 4 in Unarmed Combat
   731 | D:1      | Reached XP level 3. HP: 19/23 MP: 3/3
   807 | D:2      | Found a faded altar of an unknown god.
  1665 | D:3      | Reached XP level 4. HP: 28/28 MP: 4/4
  1779 | D:3      | Noticed Terence
  1789 | D:3      | Killed Terence
  1790 | D:3      | Reached skill level 5 in Unarmed Combat
  1895 | D:3      | Found Fuemnaen's Book Emporium.
  1922 | D:3      | Noticed Pargi
  1930 | D:3      | Killed Pargi
  1931 | D:3      | Reached skill level 6 in Unarmed Combat
  1931 | D:3      | Reached XP level 5. HP: 14/33 MP: 1/5
  2024 | D:3      | Found a glowing golden altar of the Shining One.
  2032 | D:3      | Noticed Robin
  2321 | D:3      | Killed Robin
  2330 | D:3      | Reached XP level 6. HP: 16/38 MP: 3/6
  2514 | D:3      | Found Ugywk's Antique Weapon Shoppe.
  2663 | D:3      | Found Sec Nibb's Antique Armour Shoppe.
  2795 | D:3      | Found Geoxes's Distillery.
  2966 | D:4      | Reached skill level 7 in Unarmed Combat
  2972 | D:4      | Quit the game

Illustrated notes

Levels and vault maps discovered:
D:1:      nzn_arrival_depleted_hourglass, layout_loops_ring
D:2:      layout_basic, nicolae_ecumenical_pavilion, guppyfry_early_lair_pool
D:3:      minmay_roachtagon, layout_basic, tso_altar, serial_shops, shop, shop,
          nicolae_shop_peninsula, shop, serial_bayou_lagoon_a, uniq_robin,
          uniq_terence, uniq_pargi
D:4:      minmay_inner_zag, layout_layer_cave, portal_sewer_entry_b

Skill      XL: |  1  2  3  4  5  6 |
---------------+-------------------+-----
Unarmed Combat | 4 6 7 |  7.0
Fighting       | |  1.0
Dodging        | |  2.0
Shapeshifting  | |  3.0

Action                     |  1- 3 |  4- 6 || total
---------------------------+-------+-------++-------
  Melee: Unarmed           |    63 |    77 ||   140
         Tentacles         |     9 |    13 ||    22
         Constrict         |    10 |    18 ||    28
         Punch             |     2 |     4 ||     6
    Use: Scroll            |     3 |     1 ||     4
   Stab: Sleeping          |     7 |     5 ||    12
 Armour: Skin              |    28 |    44 ||    72
  Dodge: Dodged            |    30 |    50 ||    80

Table legend: (Time is in decaauts)
 A = Elapsed time spent in this place.
 B = Non-inter-level travel time spent in this place.
 C = Inter-level travel time spent in this place.
 D = Time resting spent in this place.
 E = Time spent auto-exploring this place.
 F = Levels seen in this place.
 G = Mean time per level.
                   A        B        C        D        E       F      G
               +--------+--------+--------+--------+--------+-----+--------+
         Total |   2958 |   2875 |     83 |     70 |   2258 |   4 |  739.5 |
       Dungeon |   2958 |   2875 |     83 |     70 |   2258 |   4 |  739.5 |
               +--------+--------+--------+--------+--------+-----+--------+

Top non-repeatable levels by time:
     D:3: 1208 daAuts
     D:2: 915 daAuts
     D:1: 804 daAuts
     D:4: 30 daAuts
